AoeStats
← mackexcellence

Fortress

509824945Analyzed
4v4 RM · 4d ago on Sep 28, 2026· 33m 2s· 8 players
Game mode
Random Map
Map size
Huge
Population
200
Speed
Normal
Resources
Standard
Victory
Conquest
Starting age
Dark Age
Ending age
Imperial Age
RankedLock teamsTeams togetherTeam positionsShared explorationLock speedFull tech treeHidden civsTurbo modeCheats
Victory
Defeat
🇨🇳 Turks · China
767
+7
🇹🇼 Goths · Taiwan
742
+8
🇦🇷 Italians · Argentina
742
+8
🇺🇸 Vikings · United States
631
+11
🇹🇼 Britons · Taiwan
702
-14
🇲🇽 Bohemians · Mexico
559
-9
🇮🇩 Sicilians · Indonesia
474
-6
🇲🇽 Persians · Mexico
416
-5
jcalderon.n
1:16 Loom
robertosminor89
0:39 Loom
9:18 Feudal Age
10:42 Wheelbarrow
10:13 Horse Collar
10:23 Double-Bit Axe
21:41 Castle Age
iiiqq-qwzaa---q
6:30 Feudal Age
6:59 Double-Bit Axe
7:51 Wheelbarrow
7:09 Horse Collar
15:26 Castle Age
14:27 Gold Mining
16:19 Bow Saw
17:13 Hand Cart
17:02 Heavy Plow
18:32 Stone Mining
genkogenka
0:44 Loom
6:51 Feudal Age
14:23 Horse Collar
15:36 Gold Mining
18:45 Double-Bit Axe
mackexcellence
0:31 Loom
8:38 Feudal Age
9:21 Horse Collar
19:15 Castle Age
19:47 Arson
20:27 Chieftains
Magoalfa29
0:38 Loom
6:54 Feudal Age
14:53 Castle Age
14:17 Padded Archer Armor
14:15 Fletching
15:16 Crossbowman
16:12 Thumb Ring
16:18 Double-Bit Axe
25:02 Silk Road
27:27 Imperial Age
31:11 Spies/Treason
Vivahakama
4:03 Loom
7:59 Feudal Age
8:22 Horse Collar
8:28 Double-Bit Axe
13:48 Castle Age
12:25 Forging
13:25 Gold Mining
15:23 Scale Mail Armor
17:31 Chain Mail Armor
19:37 Iron Casting
32:39 Imperial Age
槑槑
9:22 Feudal Age
11:01 Double-Bit Axe
10:58 Horse Collar
14:31 Castle Age
15:27 Bow Saw
15:18 Heavy Plow
20:33 Imperial Age
18:03 Gold Mining
18:21 Padded Archer Armor
23:00 Wheelbarrow
24:21 Hand Cart
26:49 Loom
27:21 Stone Mining
30:54 Artillery
33:49 Masonry
33:32 Guard Tower
Connection lost

Rejoining the realm…

Still unreachable

The connection could not be restored.

Session expired

The server has moved on; the page needs a fresh start.